 Dungeon Crawl Stone Soup version 0.22.1-2-g9c5b331383 (webtiles) character file.

1481 Marnok the Slasher (level 9, 0/66 HPs)
             Began as a Human Fighter on Dec 30, 2018.
             Slain by a wight
             ... wielding a +0 trident
              (2 damage)
             ... on level 7 of the Dungeon.
             The game lasted 00:22:27 (5489 turns).

Marnok the Slasher (Human Fighter)                  Turns: 5489, Time: 00:22:28

Health: 0/66       AC:  7    Str: 17    XL:     9   Next: 7%
Magic:  9/9        EV:  7    Int:  9    God:
Gold:   321        SH: 15    Dex: 15    Spells: 8/8 levels left

rFire    + . .     SeeInvis .   a - +0 long sword
rCold    + . .     Gourm    .   s - +1 large shield
rNeg     . . .     Faith    .   b - +0 scale mail
rPois    +         Spirit   .   (no helmet)
rElec    +         Reflect  .   (no cloak)
rCorr    +         Harm     .   (no gloves)
MR       .....                  (no boots)
Stlth    ..........             (no amulet)
HPRegen  0.21/turn              (no ring)
MPRegen  0.11/turn              (no ring)

@: resistant, drained
A: no striking features
a: no special abilities


You were on level 7 of the Dungeon.
You were not hungry.

You visited 1 branch of the dungeon, and saw 7 of its levels.

You collected 321 gold pieces.

Inventory:

Hand Weapons
 a - a +0 long sword (weapon)
 i - a +3 scythe
 l - a +0 long sword
 m - a cursed -3 trident
 o - a +1 dagger of venom
 p - a +0 flail of protection
Armour
 b - a +0 scale mail (worn)
 c - a +0 shield
 s - a +1 large shield (worn)
Jewellery
 d - an uncursed ring of wizardry
 j - a +3 ring of strength {unknown}
 v - a cursed ring of stealth
Wands
 t - a wand of disintegration (17)
Scrolls
 e - a scroll of remove curse
 g - a scroll of identify
 h - a scroll of fear
 k - a scroll of magic mapping {unknown}
 q - a scroll of enchant armour
 u - a scroll of teleportation {unknown}
 w - a scroll of enchant weapon {unknown}
Comestibles
 f - 7 rations


   Skills:
 + Level 4.7(4.3) Fighting
 + Level 6.2(5.9) Long Blades
 + Level 5.7(5.3) Armour
 + Level 2.8(2.5) Dodging
 + Level 1.0(0.7) Stealth
 + Level 6.0(5.7) Shields


You had 8 spell levels left.
You didn't know any spells.
Your spell library was empty.

Dungeon Overview and Level Annotations

Branches:
Dungeon (7/15)
 Temple: D:4-7

Altars:
Ashenzari
Dithmenos


Message History

The wight barely misses you.
You slash the ogre!
You kill the ogre!
Your Shields skill increases to level 6!
You block the wight's attack. You block the wight's attack.
Items here: ))))) [[ †† You closely miss the wight.
You block the wight's attack.
You slash the wight!
The wight is moderately damaged.
You block the wight's attack.
You closely miss the wight.
The wight is moderately damaged.
The wight hits you but does no damage.
You closely miss the wight.
The wight is moderately damaged.
You block the wight's attack. The wight hits you with a trident.
* * * LOW HITPOINT WARNING * * *
You feel drained.
You die...

### ....# .. #...#
.## #.# ...# ... ..
#..## #... #. #...#
..# #.###
#...###..#
##..####....#..#
#z.....##.<....#
##@##.z..o.....##
#)######o....(..###
#.# ###...#.....
#.## #..###.... #.
#......... .#
#..#...O... ##
....#..._...
....##......
#......


You could see a wight.

Vanquished Creatures
  The ghost of Forgol the Skirmisher, a novice DrBe of Trog (D:5)
  Sigmund (D:3)
  2 ogres
  A phantom (D:5)
  A centaur (D:7)
  A bullfrog (D:7)
  A wight (D:7)
  2 howler monkeys
  A quasit (D:5)
  A hound (D:4)
  A bullfrog skeleton (D:4)
  3 orc wizards
  Jessica (D:2)
  An iguana (D:4)
  2 worker ants
  6 adders
  A river rat (D:5)
  An adder skeleton (D:2)
  4 worms
  4 dart slugs
  7 leopard geckos
  20 orcs
  8 giant cockroaches
  11 goblins
  7 hobgoblins
  7 jackals
  4 bats
  A frilled lizard (D:5)
  3 kobolds
  10 rats
114 creatures vanquished.

Notes
Turn   | Place    | Note
-------+----------+-------------------------------------------
     0 | D:1      | Marnok the Human Fighter began the quest for the Orb.
     0 | D:1      | Reached XP level 1. HP: 18/18 MP: 1/1
    41 | D:1      | Reached XP level 2. HP: 12/24 MP: 2/2
   412 | D:1      | Reached XP level 3. HP: 29/29 MP: 3/3
  1055 | D:2      | Noticed Jessica
  1064 | D:2      | Killed Jessica
  1064 | D:2      | Reached XP level 4. HP: 13/35 MP: 4/4
  2118 | D:3      | Reached XP level 5. HP: 39/41 MP: 5/5
  2268 | D:3      | Noticed Sigmund
  2282 | D:3      | Killed Sigmund
  2282 | D:3      | Reached skill level 1 in Dodging
  2282 | D:3      | Reached XP level 6. HP: 25/48 MP: 6/6
  2949 | D:5      | Entered Level 5 of the Dungeon
  3024 | D:4      | Reached XP level 7. HP: 42/54 MP: 7/7
  3860 | D:5      | Reached skill level 5 in Long Blades
  3860 | D:5      | Reached XP level 8. HP: 32/61 MP: 8/8
  4377 | D:5      | Found a runed door.
  4378 | D:5      | Noticed Forgol's ghost (novice DrBe)
  4496 | D:5      | Killed Forgol's ghost
  4496 | D:5      | Reached skill level 5 in Armour
  4496 | D:5      | Reached skill level 5 in Shields
  4803 | D:5      | Found a runed door.
  5119 | D:7      | Found a shadowy altar of Dithmenos.
  5124 | D:7      | HP: 3/61 [something/magic dart (6)]
  5132 | D:6      | Found a shattered altar of Ashenzari.
  5437 | D:7      | Reached skill level 1 in Stealth
  5465 | D:7      | Reached XP level 9. HP: 24/66 MP: 9/9
  5476 | D:7      | HP: 3/66 [ogre/giant club (13)]
  5489 | D:7      | HP: 2/66 [wight/trident (4)]
  5489 | D:7      | Slain by a wight

Skill      XL: |  1  2  3  4  5  6  7  8  9 |
---------------+----------------------------+-----
Long Blades    | 3 4 5 6 |  6.2
Armour         | 4 5 |  5.7
Dodging        | 1 2 |  2.8
Shields        | 4 5 6 |  6.0
Fighting       | 4 |  4.7
Stealth        | 1 |  1.0

Action                   |  1- 3 |  4- 6 |  7- 9 || total
-------------------------+-------+-------+-------++-------
Melee: Long sword        |    70 |   165 |   327 ||   562
  Use: Potion            |     2 |     4 |     5 ||    11
       Scroll            |       |     9 |       ||     9
  Eat: Chunk             |       |     7 |     7 ||    14
       Ration            |       |       |     1 ||     1
Armor: Scale mail        |    34 |    46 |    99 ||   179
       Skin              |       |       |    13 ||    13
Dodge: Dodged            |    20 |    42 |    55 ||   117
Block: Shield            |    36 |    49 |       ||    85
       Large shield      |       |    35 |   290 ||   325
       Rpst.: Long sword |     4 |    11 |    12 ||    27
